 Dungeon Crawl Stone Soup version 0.28-a0-1227-ga9037bb4c8 (webtiles) character file.

Game seed: 4468795466651537000

10348 ChaosChampion the Fighter (level 11, -1/190 HPs)
             Began as an Ogre Warper on Dec 22, 2021.
             Was a High Priest of Okawaru.
             Succumbed to a killer bee's poison
             ... on level 11 of the Dungeon.
             The game lasted 00:23:36 (18892 turns).

ChaosChampion the Fighter (Ogre Warper)            Turns: 18892, Time: 00:23:36

Health: -1/190     AC:  5    Str: 21    XL:     11   Next: 60%
Magic:  4/22       EV:  9    Int: 20    God:    Okawaru [*****.]
Gold:   685        SH:  0    Dex:  8    Spells: 17/24 levels left

rFire   . . .      SeeInvis .   H - +0 giant spiked club
rCold   . . .      Faith    .   (shield currently unavailable)
rNeg    . . .      Spirit   .   q - +0 troll leather armour
rPois   .          Reflect  .   (helmet restricted)
rElec   .          Harm     .   (no cloak)
rCorr   .          Rampage  .   (gloves unavailable)
Will    +....                   (boots unavailable)
Stlth   ..........              p - amulet of regeneration
HPRegen 2.01/turn               B - +6 ring of intelligence
MPRegen 0.18/turn               C - ring of wizardry

@: berserking, lethally poisoned (-1 -> -12), very quick
A: large, unfitting armour, tough skin 1
a: Renounce Religion, Heroism, Finesse, Duel


You were on level 11 of the Dungeon.
You worshipped Okawaru.
Okawaru was extremely pleased with you.
You visited 2 branches of the dungeon, and saw 12 of its levels.

You collected 685 gold pieces.

Inventory:

Hand Weapons
 a - a +0 mace
 r - a +1 flail of holy wrath
 G - a +2 battleaxe
 H - a +0 giant spiked club (weapon)
 Q - a +0 glaive of flaming
Missiles
 b - 2 atropa-tipped darts
 d - 5 boomerangs of dispersal
 x - 2 silver javelins
 E - 5 boomerangs
Armour
 q - a +0 troll leather armour (worn)
 U - +0 acid dragon scales
Magical Staves
 t - a staff of earth
Jewellery
 e - a +4 ring of evasion
 k - an amulet of faith
 p - an amulet of regeneration (around neck)
 B - a +6 ring of intelligence (left hand)
 C - a ring of wizardry (right hand)
 L - a +6 ring of dexterity
 N - a ring of wizardry
 S - a +6 ring of intelligence
Wands
 l - a wand of flame (32) (quivered)
 A - a wand of charming (14)
 I - a wand of paralysis (4)
 J - a wand of iceblast (11)
 M - a wand of acid (15)
Scrolls
 c - a scroll of blinking
 g - a scroll of holy word {unknown}
 i - 5 scrolls of vulnerability
 n - 4 scrolls of silence
 o - 7 scrolls of teleportation
 u - 4 scrolls of fear
 y - 3 scrolls of fog {unknown}
 D - 2 scrolls of enchant weapon {unknown}
 F - 3 scrolls of identify
 R - a scroll of acquirement {unknown}
 T - a scroll of enchant armour
Potions
 f - a potion of lignification {unknown}
 h - a potion of brilliance {unknown}
 j - 3 potions of ambrosia
 m - 2 potions of mutation {unknown}
 s - a potion of magic {unknown}
 v - 2 potions of heal wounds {unknown}
 w - a potion of berserk rage
 z - 2 potions of flight {unknown}
 K - a potion of degeneration {unknown}
 O - a potion of cancellation {unknown}
 P - a potion of might {unknown}


   Skills:
 + Level 13.1 Fighting
 + Level 9.4 Maces & Flails
 - Level 1.0 Throwing
 - Level 2.1 Dodging
 - Level 7.4 Spellcasting
 - Level 9.0 Translocations


You had 17 spell levels left.
You knew the following spells:

 Your Spells              Type           Power      Damage    Failure   Level
a - Manifold Assault      Tloc           43%        N/A       2%          5
z - Blink                 Tloc           86%        N/A       1%          2

Your spell library contained the following spells:

 Spells                   Type           Power      Damage    Failure   Level
 Gell's Gravitas          Tloc           43%        N/A       1%          3
 Lesser Beckoning         Tloc           43%        N/A       1%          3
 Teleport Other           Tloc           43%        N/A       1%          3
 Freeze                   Ice            28%        1d5       4%          1
 Sandblast                Erth           14%        2d6       4%          1
 Ensorcelled Hibernation  Hex/Ice        14%        N/A       6%          2
 Passwall                 Tmut/Erth      5%         N/A       6%          2
 Scorch                   Fire           14%        2d5       6%          2
 Iskenderun's Mystic Bla  Conj/Tloc      25%        2d7       6%          4
 Dazzling Flash           Conj/Hex       14%        N/A       12%         3
 Frozen Ramparts          Ice            14%        1d3       12%         3
 Ignite Poison            Fire/Tmut/Pois 7%         N/A       12%         3
 Mephitic Cloud           Conj/Pois/Air  7%         N/A       12%         3
 Stone Arrow              Conj/Erth      14%        3d7       12%         3
 Flame Wave               Conj/Fire      7%         2d4       38%         4
 Hailstorm                Conj/Ice       7%         3d4       38%         4
 Freezing Cloud           Conj/Ice/Air   3%         6-21      71%         5
 Starburst                Conj/Fire      3%         6d3       99%         6
 Tukima's Dance           Hex            Unusable   N/A       N/A         3
 Summon Cactus Giant      Summ           Unusable   N/A       N/A         6

Dungeon Overview and Level Annotations

Branches:
Dungeon (11/15)            Temple (1/1) D:7            Lair (0/6) D:9
    Orc: D:9-12

Altars:
Ashenzari
Cheibriados
Dithmenos
Elyvilon
Fedhas
Gozag
Hepliaklqana
Kikubaaqudgha
Makhleb
Nemelex Xobeh
Okawaru
Qazlal
Ru
Sif Muna
Trog
Uskayaw
Vehumet
Wu Jian
Xom
Yredelemnul
Zin
The Shining One

Shops:
D:9 =

Annotations:
D:4 Edmund


Innate Abilities, Weirdness & Mutations

You are too large for most types of armour.
You have tough skin. (AC +1)


Message History

The killer bee poisons you! The killer bee barely misses you. x2
You closely miss the killer bee.
The killer bee is moderately wounded.
You feel very sick. The killer bee misses you.
The killer bee barely misses you. The killer bee closely misses you.
You closely miss the killer bee.
The killer bee is moderately wounded.
You feel very sick.
The killer bee stings you but does no damage.
The killer bee completely misses you.
You miss the killer bee.
The killer bee is moderately wounded.
You feel very sick. The killer bee stings you.
* * * LOW HITPOINT WARNING * * *
You are more poisoned.
The killer bee poisons you! The killer bee barely misses you. x2
You feel very sick. The killer bee stings you.
* * * LOW HITPOINT WARNING * * *
You feel sick. The killer bee stings you!
* * * LOW HITPOINT WARNING * * *
There is an open door here.
You feel very sick.
The killer bee stings you but does no damage.
It was a potion of berserk rage.
A red film seems to cover your vision as you go berserk!
You feel yourself moving faster!
You feel mighty!
You feel sick. The killer bee stings you.
* * * LOW HITPOINT WARNING * * *
You are more poisoned.
The killer bee poisons you! The killer bee stings you!
* * * LOW HITPOINT WARNING * * *
You are more poisoned.
The killer bee poisons you!
You sock the killer bee!
You kill the killer bee!
Okawaru accepts your kill.
You die...

#...........#
#####..######
#......#....#
#......#....#
#####..#....#
#......#....#######
#...####..........#
##'##.............#
#..@#.......#....###
#...#.......#.......
#...'.......#.......
#...#.......#.......
#...#.......##+###..
#...#.......# #..
#...#.^#....# #..
#...#..#....# #..
#...#..#....# #..


There were no monsters in sight!

Vanquished Creatures
  A boulder beetle (D:11)
  2 two-headed ogres
  2 kobold demonologists (D:10)
  An unseen horror (D:10)
  A troll (D:10)
  Grinder (D:3)
  Sigmund (D:4)
  2 wyverns (D:9)
  5 humans (D:8)
  A wraith (D:9)
  7 yaks
  Grum (D:9)
  3 acid dragons
  2 water moccasins
  2 sky beasts
  3 orc warriors
  2 black bears (D:9)
  3 necrophages
  3 ogres
  2 wolves
  2 centaurs
  2 phantoms
  3 kobold brigands
  Blork the orc (D:5)
  A gnoll sergeant (D:8)
  A bullfrog (D:8)
  A wyvern skeleton (D:5)
  5 scorpions
  7 killer bees
  15 wights
  4 centaur zombies
  A bullfrog zombie (D:6)
  A jelly (D:6)
  3 orc priests
  A bullfrog skeleton (D:5)
  Jessica (D:3)
  Terence (D:3)
  2 iguanas
  8 orc wizards
  A killer bee zombie (D:7)
  15 gnolls
  4 adders
  An ufetubus (D:5)
  5 worms
  A dart slug (D:4)
  19 orcs
  5 bats
  A bat zombie (D:6)
  10 endoplasms
  A giant cockroach (D:1)
  5 goblins
  9 hobgoblins
  8 jackals
  22 kobolds
  4 quokkas
  8 ball pythons
  8 frilled lizards
  5 rats
  3 rat zombies (D:6)
240 creatures vanquished.

Vanquished Creatures (others)
  14 fungi (D:9)
  7 plants (D:9)
21 creatures vanquished.

Grand Total: 261 creatures vanquished

Notes
Turn   | Place    | Note
-------+----------+-------------------------------------------
     0 | D:1      | ChaosChampion the Ogre Warper began the quest for the Orb.
     0 | D:1      | Reached XP level 1. HP: 22/22 MP: 3/3
   243 | D:1      | Reached skill level 3 in Fighting
   243 | D:1      | Reached XP level 2. HP: 12/31 MP: 5/5
  1176 | D:1      | Found a faded altar of an unknown god.
  1178 | D:1      | Reached XP level 3. HP: 37/37 MP: 7/7
  1362 | D:2      | Found a sparkling altar of Nemelex Xobeh.
  2221 | D:2      | Reached XP level 4. HP: 43/45 MP: 8/8
  3253 | D:1      | Found a faded altar of an unknown god.
  3629 | D:3      | Noticed Grinder
  3726 | D:2      | Reached skill level 4 in Fighting
  4101 | D:2      | Learned a level 2 spell: Blink
  4110 | D:2      | Reached XP level 5. HP: 34/54 MP: 10/10
  4286 | D:3      | Noticed a phantom
  4301 | D:3      | Killed a phantom
  4497 | D:3      | Noticed Terence
  4513 | D:3      | Killed Terence
  4514 | D:3      | Reached XP level 6. HP: 23/63 MP: 10/12
  5170 | D:3      | Noticed Jessica
  5173 | D:3      | Killed Jessica
  5259 | D:3      | Paralysed by Grinder for 5 turns
  5271 | D:3      | Killed Grinder
  5272 | D:3      | Reached skill level 5 in Fighting
  5272 | D:3      | Reached XP level 7. HP: 26/72 MP: 13/13
  6163 | D:4      | Noticed Sigmund
  6836 | D:4      | Noticed Edmund
  7497 | D:4      | Killed Sigmund
  7498 | D:4      | Reached skill level 6 in Fighting
  7498 | D:4      | Reached skill level 5 in Spellcasting
  8355 | D:4      | Found a faded altar of an unknown god.
  8355 | D:4      | Found a hazy altar of Hepliaklqana.
  8361 | D:4      | Found a faded altar of an unknown god.
  8363 | D:4      | Found a hide-covered altar of Uskayaw.
  8365 | D:4      | Found a snail-covered altar of Cheibriados.
  8385 | D:5      | Entered Level 5 of the Dungeon
  8458 | D:5      | Reached XP level 8. HP: 68/83 MP: 15/15
  8627 | D:5      | Reached skill level 5 in Translocations
  9030 | D:5      | Noticed Blork the orc
  9039 | D:5      | Killed Blork the orc
  9284 | D:5      | Learned a level 5 spell: Manifold Assault
  9349 | D:5      | Reached skill level 7 in Fighting
  9555 | D:5      | Reached skill level 5 in Maces & Flails
 10400 | D:6      | Reached XP level 9. HP: 72/96 MP: 3/18
 10532 | D:6      | Reached skill level 8 in Fighting
 11635 | D:6      | Found an ancient bone altar of Kikubaaqudgha.
 11704 | D:7      | Reached skill level 9 in Fighting
 11843 | D:7      | Found a staircase to the Ecumenical Temple.
 11848 | Temple   | Entered the Ecumenical Temple
 12038 | Temple   | Became a worshipper of Warmaster Okawaru
 12825 | D:7      | Found a basalt altar of Yredelemnul.
 12929 | D:7      | Reached XP level 10. HP: 83/89 MP: 21/21
 14075 | D:8      | Reached skill level 10 in Fighting
 14088 | D:8      | Reached * piety under Okawaru
 14813 | D:9      | Noticed Grum
 14823 | D:8      | Reached ** piety under Okawaru
 15205 | D:9      | Killed Grum
 15321 | D:9      | Found a staircase to the Lair.
 15340 | D:9      | Found Ummunty's Jewellery Boutique.
 15423 | D:9      | Reached skill level 11 in Fighting
 15642 | D:9      | Found a bloodstained altar of Trog.
 16029 | D:9      | Noticed a two-headed ogre
 16731 | D:9      | Killed a two-headed ogre
 16731 | D:9      | Reached *** piety under Okawaru
 16732 | D:9      | Reached XP level 11. HP: 82/122 MP: 4/22
 16932 | D:10     | Entered Level 10 of the Dungeon
 17182 | D:10     | Noticed a two-headed ogre
 17191 | D:10     | Killed a two-headed ogre
 17338 | D:10     | Reached **** piety under Okawaru
 17339 | D:10     | Reached skill level 12 in Fighting
 17482 | D:10     | Noticed a sun demon
 17564 | D:9      | Received a gift from Okawaru
 18860 | D:11     | Noticed a boulder beetle
 18863 | D:11     | Killed a boulder beetle
 18863 | D:11     | Reached ***** piety under Okawaru
 18864 | D:11     | Reached skill level 13 in Fighting
 18891 | D:11     | HP: 4/190 [killer bee (7)]
 18892 | D:11     | Succumbed to a killer bee's poison

Illustrated notes

Levels and vault maps discovered:
D:1:      lemuel_arrival_rhombus, layout_rooms,
          hellmonk_ecumenical_altar_lost_god
D:2:      minmay_wonky_spiral, layout_loops_ring, basic_altar,
          minmay_split_cup_small
D:3:      minmay_octagon_keep, layout_basic, minmay_pentomino_pile,
          uniq_terence, uniq_jessica, uniq_grinder
D:4:      layout_cave_pools, chequers_temple_overflow_minitemple,
          minmay_crystal_water, kennysheep_diamond, uniq_edmund, uniq_sigmund
D:5:      layout_basic, uniq_blork_the_orc
D:6:      layout_loops_ring, lemuel_zombie_altar_kikubaaqudgha
D:7:      layout_loops_ring, mainiacjoe_overflow_alcove_2, temple_statues
D:8:      layout_basic, minmay_ruffians
D:9:      layout_small_grid, mainiacjoe_overflow_small_starburst,
          grunt_lair_entry_orc_guard_hut, serial_shops,
          nicolae_shop_behind_doors, chequers_jeans, minmay_microvault,
          uniq_grum
D:10:     layout_roguey
D:11:     layout_grid_maze, nicolae_shop_self_help, uniq_maurice
Temple:   eino_temple_rhombus

Skill      XL: |  1  2  3  4  5  6  7  8  9 10 11 |
---------------+----------------------------------+-----
Fighting       | 3 4 5 6 7 9 11 13 | 13.1
Maces & Flails | 2 3 4 5 6 8 9 |  9.4
Translocations | 3 4 5 6 8 9 |  9.0
Spellcasting   | 3 4 5 6 7 |  7.4
Throwing       | |  1.0
Dodging        | |  2.1

Action                   |  1- 3 |  4- 6 |  7- 9 | 10-12 || total
-------------------------+-------+-------+-------+-------++-------
Melee: Mace              |   117 |    64 |       |       ||   181
       Flail             |       |    89 |   220 |       ||   309
       Giant club        |       |       |    82 |       ||    82
       Giant spiked club |       |       |   127 |   369 ||   496
 Cast: Blink             |       |       |     3 |       ||     3
       Manifold Assault  |       |       |    59 |   107 ||   166
Evoke: Wand              |       |       |     1 |       ||     1
  Use: Scroll            |       |       |     8 |     1 ||     9
       Potion            |       |       |       |     1 ||     1
 Stab: Sleeping          |     1 |       |       |       ||     1
Armor: Robe              |    41 |    38 |    85 |    48 ||   212
       Acid dragon scale |       |       |       |    89 ||    89
       Troll leather arm |       |       |       |    21 ||    21
Dodge: Dodged            |    59 |    79 |   173 |   156 ||   467

Table legend: (Time is in decaauts)
 A = Elapsed time spent in this place.
 B = Non-inter-level travel time spent in this place.
 C = Inter-level travel time spent in this place.
 D = Time resting spent in this place.
 E = Time spent auto-exploring this place.
 F = Levels seen in this place.
 G = Mean time per level.
                   A        B        C        D        E       F      G
               +--------+--------+--------+--------+--------+-----+--------+
         Total |  19232 |  18727 |    505 |   4920 |  10518 |  12 | 1602.7 |
       Dungeon |  19025 |  18536 |    489 |   4920 |  10360 |  11 | 1729.5 |
        Temple |    206 |    190 |     16 |      0 |    158 |   1 |  206.0 |
               +--------+--------+--------+--------+--------+-----+--------+

Top non-repeatable levels by time:
     D:3: 3290 daAuts
     D:8: 2237 daAuts
     D:1: 2211 daAuts
     D:9: 2206 daAuts
     D:2: 1954 daAuts
     D:5: 1844 daAuts
     D:6: 1517 daAuts
     D:7: 1309 daAuts
    D:10: 1167 daAuts
     D:4: 1045 daAuts
    D:11: 240 daAuts
  Temple: 206 daAuts
